[gd_scene load_steps=12 format=3 uid="uid://c1tuqxy0ptf7x"]

[ext_resource type="PackedScene" uid="uid://duur7013hokt" path="res://tank.tscn" id="1_7x1av"]
[ext_resource type="Texture2D" uid="uid://bprjbi26dnbca" path="res://addons/kenney_prototype_textures/dark/texture_13.png" id="1_bunss"]
[ext_resource type="Script" path="res://main.gd" id="1_lgn4g"]
[ext_resource type="PackedScene" uid="uid://qmdtcvdk18xq" path="res://wall.tscn" id="3_bvvx2"]
[ext_resource type="PackedScene" uid="uid://d3d20scpe656l" path="res://player_controller.tscn" id="3_jtlhg"]
[ext_resource type="PackedScene" uid="uid://b2yg7ate8aj2t" path="res://TankEgg.tscn" id="5_rds7b"]
[ext_resource type="PackedScene" uid="uid://drd31paebl1l4" path="res://spawner.tscn" id="6_iqc6w"]
[ext_resource type="Theme" uid="uid://bgkt0lach55mi" path="res://font_theme.tres" id="7_t61o5"]

[sub_resource type="BoxMesh" id="BoxMesh_1ys0r"]
size = Vector3(40, 1, 30)

[sub_resource type="StandardMaterial3D" id="StandardMaterial3D_jw86d"]
albedo_texture = ExtResource("1_bunss")
uv1_scale = Vector3(30, 30, 30)

[sub_resource type="BoxShape3D" id="BoxShape3D_7udkm"]
size = Vector3(40, 1, 30)

[node name="Main" type="Node3D"]
script = ExtResource("1_lgn4g")

[node name="Camera3D" type="Camera3D" parent="."]
transform = Transform3D(1, 0, 0, 0, -4.37114e-08, 1, 0, -1, -4.37114e-08, 0, 20.4284, 0)

[node name="DirectionalLight3D" type="DirectionalLight3D" parent="."]
transform = Transform3D(0.939693, 0.321394, -0.116978, 0, 0.34202, 0.939693, 0.34202, -0.883022, 0.321394, 0, 12.5787, 0)

[node name="Player" parent="." groups=["player"] instance=ExtResource("1_7x1av")]
transform = Transform3D(1, 0, 0, 0, 1, 0, 0, 0, 1, -9.77855, 0.502394, 7.02885)
collision_layer = 8
collision_mask = 7
color = Color(0.286275, 0.247059, 0.913725, 1)

[node name="PlayerController" parent="Player" instance=ExtResource("3_jtlhg")]

[node name="EnemySpawner" parent="." instance=ExtResource("6_iqc6w")]
transform = Transform3D(21.8205, 0, 0, 0, 1.49684, 0, 0, 0, 10.8007, 5.00324, 1.16051, -0.439116)
spawn_scene = ExtResource("5_rds7b")
batch_size = 2
collision_mask = 1

[node name="Buildings" type="Node3D" parent="."]

[node name="Ground" type="StaticBody3D" parent="Buildings"]
transform = Transform3D(1, 0, 0, 0, 1, 0, 0, 0, 1, 0, -0.5, 0)

[node name="MeshInstance3D" type="MeshInstance3D" parent="Buildings/Ground"]
mesh = SubResource("BoxMesh_1ys0r")
surface_material_override/0 = SubResource("StandardMaterial3D_jw86d")

[node name="CollisionShape3D" type="CollisionShape3D" parent="Buildings/Ground"]
shape = SubResource("BoxShape3D_7udkm")

[node name="Wall" type="Node3D" parent="Buildings"]
transform = Transform3D(-4.37114e-08, 0, 1, 0, 1, 0, -1, 0, -4.37114e-08, -4, 0, 11.4245)

[node name="StaticBody3D63" parent="Buildings/Wall" instance=ExtResource("3_bvvx2")]
transform = Transform3D(1, 0, 0, 0, 1, 0, 0, 0, 1, -2.89543, 0, 13.9387)

[node name="StaticBody3D64" parent="Buildings/Wall" instance=ExtResource("3_bvvx2")]
transform = Transform3D(1, 0, 0, 0, 1, 0, 0, 0, 1, -2.89543, 0, 10)

[node name="StaticBody3D65" parent="Buildings/Wall" instance=ExtResource("3_bvvx2")]
transform = Transform3D(1, 0, 0, 0, 1, 0, 0, 0, 1, -2.89543, 0, 8)

[node name="StaticBody3D66" parent="Buildings/Wall" instance=ExtResource("3_bvvx2")]
transform = Transform3D(1, 0, 0, 0, 1, 0, 0, 0, 1, -2.89543, 0, 7)

[node name="StaticBody3D67" parent="Buildings/Wall" instance=ExtResource("3_bvvx2")]
transform = Transform3D(1, 0, 0, 0, 1, 0, 0, 0, 1, -2.89543, 0, 8.93873)

[node name="StaticBody3D68" parent="Buildings/Wall" instance=ExtResource("3_bvvx2")]
transform = Transform3D(1, 0, 0, 0, 1, 0, 0, 0, 1, -2.89543, 0, 6)

[node name="StaticBody3D69" parent="Buildings/Wall" instance=ExtResource("3_bvvx2")]
transform = Transform3D(1, 0, 0, 0, 1, 0, 0, 0, 1, -2.89543, 0, 4)

[node name="StaticBody3D70" parent="Buildings/Wall" instance=ExtResource("3_bvvx2")]
transform = Transform3D(1, 0, 0, 0, 1, 0, 0, 0, 1, -2.89543, 0, 3)

[node name="StaticBody3D71" parent="Buildings/Wall" instance=ExtResource("3_bvvx2")]
transform = Transform3D(1, 0, 0, 0, 1, 0, 0, 0, 1, -2.89543, 0, 4.93873)

[node name="StaticBody3D72" parent="Buildings/Wall" instance=ExtResource("3_bvvx2")]
transform = Transform3D(1, 0, 0, 0, 1, 0, 0, 0, 1, -2.89543, 0, 2)

[node name="StaticBody3D73" parent="Buildings/Wall" instance=ExtResource("3_bvvx2")]
transform = Transform3D(1, 0, 0, 0, 1, 0, 0, 0, 1, -2.89543, 0, 0)

[node name="StaticBody3D74" parent="Buildings/Wall" instance=ExtResource("3_bvvx2")]
transform = Transform3D(1, 0, 0, 0, 1, 0, 0, 0, 1, -2.89543, 0, -1)

[node name="StaticBody3D75" parent="Buildings/Wall" instance=ExtResource("3_bvvx2")]
transform = Transform3D(1, 0, 0, 0, 1, 0, 0, 0, 1, -2.89543, 0, 0.938733)

[node name="StaticBody3D76" parent="Buildings/Wall" instance=ExtResource("3_bvvx2")]
transform = Transform3D(1, 0, 0, 0, 1, 0, 0, 0, 1, -2.89543, 0, -2)

[node name="StaticBody3D77" parent="Buildings/Wall" instance=ExtResource("3_bvvx2")]
transform = Transform3D(1, 0, 0, 0, 1, 0, 0, 0, 1, -2.89543, 0, -4)

[node name="StaticBody3D78" parent="Buildings/Wall" instance=ExtResource("3_bvvx2")]
transform = Transform3D(1, 0, 0, 0, 1, 0, 0, 0, 1, -2.89543, 0, -5)

[node name="StaticBody3D79" parent="Buildings/Wall" instance=ExtResource("3_bvvx2")]
transform = Transform3D(1, 0, 0, 0, 1, 0, 0, 0, 1, -2.89543, 0, -3.06127)

[node name="StaticBody3D80" parent="Buildings/Wall" instance=ExtResource("3_bvvx2")]
transform = Transform3D(1, 0, 0, 0, 1, 0, 0, 0, 1, -2.89543, 0, -6)

[node name="StaticBody3D81" parent="Buildings/Wall" instance=ExtResource("3_bvvx2")]
transform = Transform3D(1, 0, 0, 0, 1, 0, 0, 0, 1, -2.89543, 0, -8)

[node name="StaticBody3D82" parent="Buildings/Wall" instance=ExtResource("3_bvvx2")]
transform = Transform3D(1, 0, 0, 0, 1, 0, 0, 0, 1, -2.89543, 0, -9)

[node name="StaticBody3D83" parent="Buildings/Wall" instance=ExtResource("3_bvvx2")]
transform = Transform3D(1, 0, 0, 0, 1, 0, 0, 0, 1, -2.89543, 0, -7.06127)

[node name="StaticBody3D84" parent="Buildings/Wall" instance=ExtResource("3_bvvx2")]
transform = Transform3D(1, 0, 0, 0, 1, 0, 0, 0, 1, -2.89543, 0, -10)

[node name="StaticBody3D85" parent="Buildings/Wall" instance=ExtResource("3_bvvx2")]
transform = Transform3D(1, 0, 0, 0, 1, 0, 0, 0, 1, -2.89543, 0, -12)

[node name="StaticBody3D86" parent="Buildings/Wall" instance=ExtResource("3_bvvx2")]
transform = Transform3D(1, 0, 0, 0, 1, 0, 0, 0, 1, -2.89543, 0, -13)

[node name="StaticBody3D87" parent="Buildings/Wall" instance=ExtResource("3_bvvx2")]
transform = Transform3D(1, 0, 0, 0, 1, 0, 0, 0, 1, -2.89543, 0, -11.0613)

[node name="StaticBody3D88" parent="Buildings/Wall" instance=ExtResource("3_bvvx2")]
transform = Transform3D(1, 0, 0, 0, 1, 0, 0, 0, 1, -2.89543, 0, -14)

[node name="StaticBody3D60" parent="Buildings/Wall" instance=ExtResource("3_bvvx2")]
transform = Transform3D(1, 0, 0, 0, 1, 0, 0, 0, 1, -2.89543, 0, 12)

[node name="StaticBody3D61" parent="Buildings/Wall" instance=ExtResource("3_bvvx2")]
transform = Transform3D(1, 0, 0, 0, 1, 0, 0, 0, 1, -2.89543, 0, 11)

[node name="StaticBody3D62" parent="Buildings/Wall" instance=ExtResource("3_bvvx2")]
transform = Transform3D(1, 0, 0, 0, 1, 0, 0, 0, 1, -2.89543, 0, 12.9387)

[node name="StaticBody3D89" parent="Buildings/Wall" instance=ExtResource("3_bvvx2")]
transform = Transform3D(1, 0, 0, 0, 1, 0, 0, 0, 1, -2.89543, 0, 22.9387)

[node name="StaticBody3D90" parent="Buildings/Wall" instance=ExtResource("3_bvvx2")]
transform = Transform3D(1, 0, 0, 0, 1, 0, 0, 0, 1, -2.89543, 0, 19)

[node name="StaticBody3D91" parent="Buildings/Wall" instance=ExtResource("3_bvvx2")]
transform = Transform3D(1, 0, 0, 0, 1, 0, 0, 0, 1, -2.89543, 0, 17)

[node name="StaticBody3D92" parent="Buildings/Wall" instance=ExtResource("3_bvvx2")]
transform = Transform3D(1, 0, 0, 0, 1, 0, 0, 0, 1, -2.89543, 0, 16)

[node name="StaticBody3D93" parent="Buildings/Wall" instance=ExtResource("3_bvvx2")]
transform = Transform3D(1, 0, 0, 0, 1, 0, 0, 0, 1, -2.89543, 0, 17.9387)

[node name="StaticBody3D94" parent="Buildings/Wall" instance=ExtResource("3_bvvx2")]
transform = Transform3D(1, 0, 0, 0, 1, 0, 0, 0, 1, -2.89543, 0, 15)

[node name="StaticBody3D95" parent="Buildings/Wall" instance=ExtResource("3_bvvx2")]
transform = Transform3D(1, 0, 0, 0, 1, 0, 0, 0, 1, -2.89543, 0, 21)

[node name="StaticBody3D96" parent="Buildings/Wall" instance=ExtResource("3_bvvx2")]
transform = Transform3D(1, 0, 0, 0, 1, 0, 0, 0, 1, -2.89543, 0, 20)

[node name="StaticBody3D97" parent="Buildings/Wall" instance=ExtResource("3_bvvx2")]
transform = Transform3D(1, 0, 0, 0, 1, 0, 0, 0, 1, -2.89543, 0, 21.9387)

[node name="Wall2" type="Node3D" parent="Buildings"]
transform = Transform3D(-4.37114e-08, 0, 1, 0, 1, 0, -1, 0, -4.37114e-08, -4, 0, -17.5755)

[node name="StaticBody3D63" parent="Buildings/Wall2" instance=ExtResource("3_bvvx2")]
transform = Transform3D(1, 0, 0, 0, 1, 0, 0, 0, 1, -2.89543, 0, 13.9387)

[node name="StaticBody3D64" parent="Buildings/Wall2" instance=ExtResource("3_bvvx2")]
transform = Transform3D(1, 0, 0, 0, 1, 0, 0, 0, 1, -2.89543, 0, 10)

[node name="StaticBody3D65" parent="Buildings/Wall2" instance=ExtResource("3_bvvx2")]
transform = Transform3D(1, 0, 0, 0, 1, 0, 0, 0, 1, -2.89543, 0, 8)

[node name="StaticBody3D66" parent="Buildings/Wall2" instance=ExtResource("3_bvvx2")]
transform = Transform3D(1, 0, 0, 0, 1, 0, 0, 0, 1, -2.89543, 0, 7)

[node name="StaticBody3D67" parent="Buildings/Wall2" instance=ExtResource("3_bvvx2")]
transform = Transform3D(1, 0, 0, 0, 1, 0, 0, 0, 1, -2.89543, 0, 8.93873)

[node name="StaticBody3D68" parent="Buildings/Wall2" instance=ExtResource("3_bvvx2")]
transform = Transform3D(1, 0, 0, 0, 1, 0, 0, 0, 1, -2.89543, 0, 6)

[node name="StaticBody3D69" parent="Buildings/Wall2" instance=ExtResource("3_bvvx2")]
transform = Transform3D(1, 0, 0, 0, 1, 0, 0, 0, 1, -2.89543, 0, 4)

[node name="StaticBody3D70" parent="Buildings/Wall2" instance=ExtResource("3_bvvx2")]
transform = Transform3D(1, 0, 0, 0, 1, 0, 0, 0, 1, -2.89543, 0, 3)

[node name="StaticBody3D71" parent="Buildings/Wall2" instance=ExtResource("3_bvvx2")]
transform = Transform3D(1, 0, 0, 0, 1, 0, 0, 0, 1, -2.89543, 0, 4.93873)

[node name="StaticBody3D72" parent="Buildings/Wall2" instance=ExtResource("3_bvvx2")]
transform = Transform3D(1, 0, 0, 0, 1, 0, 0, 0, 1, -2.89543, 0, 2)

[node name="StaticBody3D73" parent="Buildings/Wall2" instance=ExtResource("3_bvvx2")]
transform = Transform3D(1, 0, 0, 0, 1, 0, 0, 0, 1, -2.89543, 0, 0)

[node name="StaticBody3D74" parent="Buildings/Wall2" instance=ExtResource("3_bvvx2")]
transform = Transform3D(1, 0, 0, 0, 1, 0, 0, 0, 1, -2.89543, 0, -1)

[node name="StaticBody3D75" parent="Buildings/Wall2" instance=ExtResource("3_bvvx2")]
transform = Transform3D(1, 0, 0, 0, 1, 0, 0, 0, 1, -2.89543, 0, 0.938733)

[node name="StaticBody3D76" parent="Buildings/Wall2" instance=ExtResource("3_bvvx2")]
transform = Transform3D(1, 0, 0, 0, 1, 0, 0, 0, 1, -2.89543, 0, -2)

[node name="StaticBody3D77" parent="Buildings/Wall2" instance=ExtResource("3_bvvx2")]
transform = Transform3D(1, 0, 0, 0, 1, 0, 0, 0, 1, -2.89543, 0, -4)

[node name="StaticBody3D78" parent="Buildings/Wall2" instance=ExtResource("3_bvvx2")]
transform = Transform3D(1, 0, 0, 0, 1, 0, 0, 0, 1, -2.89543, 0, -5)

[node name="StaticBody3D79" parent="Buildings/Wall2" instance=ExtResource("3_bvvx2")]
transform = Transform3D(1, 0, 0, 0, 1, 0, 0, 0, 1, -2.89543, 0, -3.06127)

[node name="StaticBody3D80" parent="Buildings/Wall2" instance=ExtResource("3_bvvx2")]
transform = Transform3D(1, 0, 0, 0, 1, 0, 0, 0, 1, -2.89543, 0, -6)

[node name="StaticBody3D81" parent="Buildings/Wall2" instance=ExtResource("3_bvvx2")]
transform = Transform3D(1, 0, 0, 0, 1, 0, 0, 0, 1, -2.89543, 0, -8)

[node name="StaticBody3D82" parent="Buildings/Wall2" instance=ExtResource("3_bvvx2")]
transform = Transform3D(1, 0, 0, 0, 1, 0, 0, 0, 1, -2.89543, 0, -9)

[node name="StaticBody3D83" parent="Buildings/Wall2" instance=ExtResource("3_bvvx2")]
transform = Transform3D(1, 0, 0, 0, 1, 0, 0, 0, 1, -2.89543, 0, -7.06127)

[node name="StaticBody3D84" parent="Buildings/Wall2" instance=ExtResource("3_bvvx2")]
transform = Transform3D(1, 0, 0, 0, 1, 0, 0, 0, 1, -2.89543, 0, -10)

[node name="StaticBody3D85" parent="Buildings/Wall2" instance=ExtResource("3_bvvx2")]
transform = Transform3D(1, 0, 0, 0, 1, 0, 0, 0, 1, -2.89543, 0, -12)

[node name="StaticBody3D86" parent="Buildings/Wall2" instance=ExtResource("3_bvvx2")]
transform = Transform3D(1, 0, 0, 0, 1, 0, 0, 0, 1, -2.89543, 0, -13)

[node name="StaticBody3D87" parent="Buildings/Wall2" instance=ExtResource("3_bvvx2")]
transform = Transform3D(1, 0, 0, 0, 1, 0, 0, 0, 1, -2.89543, 0, -11.0613)

[node name="StaticBody3D88" parent="Buildings/Wall2" instance=ExtResource("3_bvvx2")]
transform = Transform3D(1, 0, 0, 0, 1, 0, 0, 0, 1, -2.89543, 0, -14)

[node name="StaticBody3D60" parent="Buildings/Wall2" instance=ExtResource("3_bvvx2")]
transform = Transform3D(1, 0, 0, 0, 1, 0, 0, 0, 1, -2.89543, 0, 12)

[node name="StaticBody3D61" parent="Buildings/Wall2" instance=ExtResource("3_bvvx2")]
transform = Transform3D(1, 0, 0, 0, 1, 0, 0, 0, 1, -2.89543, 0, 11)

[node name="StaticBody3D62" parent="Buildings/Wall2" instance=ExtResource("3_bvvx2")]
transform = Transform3D(1, 0, 0, 0, 1, 0, 0, 0, 1, -2.89543, 0, 12.9387)

[node name="StaticBody3D89" parent="Buildings/Wall2" instance=ExtResource("3_bvvx2")]
transform = Transform3D(1, 0, 0, 0, 1, 0, 0, 0, 1, -2.89543, 0, 22.9387)

[node name="StaticBody3D90" parent="Buildings/Wall2" instance=ExtResource("3_bvvx2")]
transform = Transform3D(1, 0, 0, 0, 1, 0, 0, 0, 1, -2.89543, 0, 19)

[node name="StaticBody3D91" parent="Buildings/Wall2" instance=ExtResource("3_bvvx2")]
transform = Transform3D(1, 0, 0, 0, 1, 0, 0, 0, 1, -2.89543, 0, 17)

[node name="StaticBody3D92" parent="Buildings/Wall2" instance=ExtResource("3_bvvx2")]
transform = Transform3D(1, 0, 0, 0, 1, 0, 0, 0, 1, -2.89543, 0, 16)

[node name="StaticBody3D93" parent="Buildings/Wall2" instance=ExtResource("3_bvvx2")]
transform = Transform3D(1, 0, 0, 0, 1, 0, 0, 0, 1, -2.89543, 0, 17.9387)

[node name="StaticBody3D94" parent="Buildings/Wall2" instance=ExtResource("3_bvvx2")]
transform = Transform3D(1, 0, 0, 0, 1, 0, 0, 0, 1, -2.89543, 0, 15)

[node name="StaticBody3D95" parent="Buildings/Wall2" instance=ExtResource("3_bvvx2")]
transform = Transform3D(1, 0, 0, 0, 1, 0, 0, 0, 1, -2.89543, 0, 21)

[node name="StaticBody3D96" parent="Buildings/Wall2" instance=ExtResource("3_bvvx2")]
transform = Transform3D(1, 0, 0, 0, 1, 0, 0, 0, 1, -2.89543, 0, 20)

[node name="StaticBody3D97" parent="Buildings/Wall2" instance=ExtResource("3_bvvx2")]
transform = Transform3D(1, 0, 0, 0, 1, 0, 0, 0, 1, -2.89543, 0, 21.9387)

[node name="Wall3" type="Node3D" parent="Buildings"]

[node name="StaticBody3D2" parent="Buildings/Wall3" instance=ExtResource("3_bvvx2")]
transform = Transform3D(1, 0, 0, 0, 1, 0, 0, 0, 1, -19, 0, 12)

[node name="StaticBody3D3" parent="Buildings/Wall3" instance=ExtResource("3_bvvx2")]
transform = Transform3D(1, 0, 0, 0, 1, 0, 0, 0, 1, -19, 0, 11)

[node name="StaticBody3D4" parent="Buildings/Wall3" instance=ExtResource("3_bvvx2")]
transform = Transform3D(1, 0, 0, 0, 1, 0, 0, 0, 1, -19, 0, 12.9387)

[node name="StaticBody3D30" parent="Buildings/Wall3" instance=ExtResource("3_bvvx2")]
transform = Transform3D(1, 0, 0, 0, 1, 0, 0, 0, 1, -19, 0, 13.9387)

[node name="StaticBody3D5" parent="Buildings/Wall3" instance=ExtResource("3_bvvx2")]
transform = Transform3D(1, 0, 0, 0, 1, 0, 0, 0, 1, -19, 0, 10)

[node name="StaticBody3D6" parent="Buildings/Wall3" instance=ExtResource("3_bvvx2")]
transform = Transform3D(1, 0, 0, 0, 1, 0, 0, 0, 1, -19, 0, 8)

[node name="StaticBody3D7" parent="Buildings/Wall3" instance=ExtResource("3_bvvx2")]
transform = Transform3D(1, 0, 0, 0, 1, 0, 0, 0, 1, -19, 0, 7)

[node name="StaticBody3D8" parent="Buildings/Wall3" instance=ExtResource("3_bvvx2")]
transform = Transform3D(1, 0, 0, 0, 1, 0, 0, 0, 1, -19, 0, 8.93873)

[node name="StaticBody3D9" parent="Buildings/Wall3" instance=ExtResource("3_bvvx2")]
transform = Transform3D(1, 0, 0, 0, 1, 0, 0, 0, 1, -19, 0, 6)

[node name="StaticBody3D10" parent="Buildings/Wall3" instance=ExtResource("3_bvvx2")]
transform = Transform3D(1, 0, 0, 0, 1, 0, 0, 0, 1, -19, 0, 4)

[node name="StaticBody3D11" parent="Buildings/Wall3" instance=ExtResource("3_bvvx2")]
transform = Transform3D(1, 0, 0, 0, 1, 0, 0, 0, 1, -19, 0, 3)

[node name="StaticBody3D12" parent="Buildings/Wall3" instance=ExtResource("3_bvvx2")]
transform = Transform3D(1, 0, 0, 0, 1, 0, 0, 0, 1, -19, 0, 4.93873)

[node name="StaticBody3D13" parent="Buildings/Wall3" instance=ExtResource("3_bvvx2")]
transform = Transform3D(1, 0, 0, 0, 1, 0, 0, 0, 1, -19, 0, 2)

[node name="StaticBody3D14" parent="Buildings/Wall3" instance=ExtResource("3_bvvx2")]
transform = Transform3D(1, 0, 0, 0, 1, 0, 0, 0, 1, -19, 0, 0)

[node name="StaticBody3D15" parent="Buildings/Wall3" instance=ExtResource("3_bvvx2")]
transform = Transform3D(1, 0, 0, 0, 1, 0, 0, 0, 1, -19, 0, -1)

[node name="StaticBody3D16" parent="Buildings/Wall3" instance=ExtResource("3_bvvx2")]
transform = Transform3D(1, 0, 0, 0, 1, 0, 0, 0, 1, -19, 0, 0.938733)

[node name="StaticBody3D17" parent="Buildings/Wall3" instance=ExtResource("3_bvvx2")]
transform = Transform3D(1, 0, 0, 0, 1, 0, 0, 0, 1, -19, 0, -2)

[node name="StaticBody3D18" parent="Buildings/Wall3" instance=ExtResource("3_bvvx2")]
transform = Transform3D(1, 0, 0, 0, 1, 0, 0, 0, 1, -19, 0, -4)

[node name="StaticBody3D19" parent="Buildings/Wall3" instance=ExtResource("3_bvvx2")]
transform = Transform3D(1, 0, 0, 0, 1, 0, 0, 0, 1, -19, 0, -5)

[node name="StaticBody3D20" parent="Buildings/Wall3" instance=ExtResource("3_bvvx2")]
transform = Transform3D(1, 0, 0, 0, 1, 0, 0, 0, 1, -19, 0, -3.06127)

[node name="StaticBody3D21" parent="Buildings/Wall3" instance=ExtResource("3_bvvx2")]
transform = Transform3D(1, 0, 0, 0, 1, 0, 0, 0, 1, -19, 0, -6)

[node name="StaticBody3D22" parent="Buildings/Wall3" instance=ExtResource("3_bvvx2")]
transform = Transform3D(1, 0, 0, 0, 1, 0, 0, 0, 1, -19, 0, -8)

[node name="StaticBody3D23" parent="Buildings/Wall3" instance=ExtResource("3_bvvx2")]
transform = Transform3D(1, 0, 0, 0, 1, 0, 0, 0, 1, -19, 0, -9)

[node name="StaticBody3D24" parent="Buildings/Wall3" instance=ExtResource("3_bvvx2")]
transform = Transform3D(1, 0, 0, 0, 1, 0, 0, 0, 1, -19, 0, -7.06127)

[node name="StaticBody3D25" parent="Buildings/Wall3" instance=ExtResource("3_bvvx2")]
transform = Transform3D(1, 0, 0, 0, 1, 0, 0, 0, 1, -19, 0, -10)

[node name="StaticBody3D26" parent="Buildings/Wall3" instance=ExtResource("3_bvvx2")]
transform = Transform3D(1, 0, 0, 0, 1, 0, 0, 0, 1, -19, 0, -12)

[node name="StaticBody3D27" parent="Buildings/Wall3" instance=ExtResource("3_bvvx2")]
transform = Transform3D(1, 0, 0, 0, 1, 0, 0, 0, 1, -19, 0, -13)

[node name="StaticBody3D28" parent="Buildings/Wall3" instance=ExtResource("3_bvvx2")]
transform = Transform3D(1, 0, 0, 0, 1, 0, 0, 0, 1, -19, 0, -11.0613)

[node name="StaticBody3D29" parent="Buildings/Wall3" instance=ExtResource("3_bvvx2")]
transform = Transform3D(1, 0, 0, 0, 1, 0, 0, 0, 1, -19, 0, -14)

[node name="Wall4" type="Node3D" parent="Buildings"]

[node name="StaticBody3D31" parent="Buildings/Wall4" instance=ExtResource("3_bvvx2")]
transform = Transform3D(1, 0, 0, 0, 1, 0, 0, 0, 1, 19.4898, 0, 12)

[node name="StaticBody3D32" parent="Buildings/Wall4" instance=ExtResource("3_bvvx2")]
transform = Transform3D(1, 0, 0, 0, 1, 0, 0, 0, 1, 19.4898, 0, 11)

[node name="StaticBody3D33" parent="Buildings/Wall4" instance=ExtResource("3_bvvx2")]
transform = Transform3D(1, 0, 0, 0, 1, 0, 0, 0, 1, 19.4898, 0, 12.9387)

[node name="StaticBody3D34" parent="Buildings/Wall4" instance=ExtResource("3_bvvx2")]
transform = Transform3D(1, 0, 0, 0, 1, 0, 0, 0, 1, 19.4898, 0, 13.9387)

[node name="StaticBody3D35" parent="Buildings/Wall4" instance=ExtResource("3_bvvx2")]
transform = Transform3D(1, 0, 0, 0, 1, 0, 0, 0, 1, 19.4898, 0, 10)

[node name="StaticBody3D36" parent="Buildings/Wall4" instance=ExtResource("3_bvvx2")]
transform = Transform3D(1, 0, 0, 0, 1, 0, 0, 0, 1, 19.4898, 0, 8)

[node name="StaticBody3D37" parent="Buildings/Wall4" instance=ExtResource("3_bvvx2")]
transform = Transform3D(1, 0, 0, 0, 1, 0, 0, 0, 1, 19.4898, 0, 7)

[node name="StaticBody3D38" parent="Buildings/Wall4" instance=ExtResource("3_bvvx2")]
transform = Transform3D(1, 0, 0, 0, 1, 0, 0, 0, 1, 19.4898, 0, 8.93873)

[node name="StaticBody3D39" parent="Buildings/Wall4" instance=ExtResource("3_bvvx2")]
transform = Transform3D(1, 0, 0, 0, 1, 0, 0, 0, 1, 19.4898, 0, 6)

[node name="StaticBody3D40" parent="Buildings/Wall4" instance=ExtResource("3_bvvx2")]
transform = Transform3D(1, 0, 0, 0, 1, 0, 0, 0, 1, 19.4898, 0, 4)

[node name="StaticBody3D41" parent="Buildings/Wall4" instance=ExtResource("3_bvvx2")]
transform = Transform3D(1, 0, 0, 0, 1, 0, 0, 0, 1, 19.4898, 0, 3)

[node name="StaticBody3D42" parent="Buildings/Wall4" instance=ExtResource("3_bvvx2")]
transform = Transform3D(1, 0, 0, 0, 1, 0, 0, 0, 1, 19.4898, 0, 4.93873)

[node name="StaticBody3D43" parent="Buildings/Wall4" instance=ExtResource("3_bvvx2")]
transform = Transform3D(1, 0, 0, 0, 1, 0, 0, 0, 1, 19.4898, 0, 2)

[node name="StaticBody3D44" parent="Buildings/Wall4" instance=ExtResource("3_bvvx2")]
transform = Transform3D(1, 0, 0, 0, 1, 0, 0, 0, 1, 19.4898, 0, 0)

[node name="StaticBody3D45" parent="Buildings/Wall4" instance=ExtResource("3_bvvx2")]
transform = Transform3D(1, 0, 0, 0, 1, 0, 0, 0, 1, 19.4898, 0, -1)

[node name="StaticBody3D46" parent="Buildings/Wall4" instance=ExtResource("3_bvvx2")]
transform = Transform3D(1, 0, 0, 0, 1, 0, 0, 0, 1, 19.4898, 0, 0.938733)

[node name="StaticBody3D47" parent="Buildings/Wall4" instance=ExtResource("3_bvvx2")]
transform = Transform3D(1, 0, 0, 0, 1, 0, 0, 0, 1, 19.4898, 0, -2)

[node name="StaticBody3D48" parent="Buildings/Wall4" instance=ExtResource("3_bvvx2")]
transform = Transform3D(1, 0, 0, 0, 1, 0, 0, 0, 1, 19.4898, 0, -4)

[node name="StaticBody3D49" parent="Buildings/Wall4" instance=ExtResource("3_bvvx2")]
transform = Transform3D(1, 0, 0, 0, 1, 0, 0, 0, 1, 19.4898, 0, -5)

[node name="StaticBody3D50" parent="Buildings/Wall4" instance=ExtResource("3_bvvx2")]
transform = Transform3D(1, 0, 0, 0, 1, 0, 0, 0, 1, 19.4898, 0, -3.06127)

[node name="StaticBody3D51" parent="Buildings/Wall4" instance=ExtResource("3_bvvx2")]
transform = Transform3D(1, 0, 0, 0, 1, 0, 0, 0, 1, 19.4898, 0, -6)

[node name="StaticBody3D52" parent="Buildings/Wall4" instance=ExtResource("3_bvvx2")]
transform = Transform3D(1, 0, 0, 0, 1, 0, 0, 0, 1, 19.4898, 0, -8)

[node name="StaticBody3D53" parent="Buildings/Wall4" instance=ExtResource("3_bvvx2")]
transform = Transform3D(1, 0, 0, 0, 1, 0, 0, 0, 1, 19.4898, 0, -9)

[node name="StaticBody3D54" parent="Buildings/Wall4" instance=ExtResource("3_bvvx2")]
transform = Transform3D(1, 0, 0, 0, 1, 0, 0, 0, 1, 19.4898, 0, -7.06127)

[node name="StaticBody3D55" parent="Buildings/Wall4" instance=ExtResource("3_bvvx2")]
transform = Transform3D(1, 0, 0, 0, 1, 0, 0, 0, 1, 19.4898, 0, -10)

[node name="StaticBody3D56" parent="Buildings/Wall4" instance=ExtResource("3_bvvx2")]
transform = Transform3D(1, 0, 0, 0, 1, 0, 0, 0, 1, 19.4898, 0, -12)

[node name="StaticBody3D57" parent="Buildings/Wall4" instance=ExtResource("3_bvvx2")]
transform = Transform3D(1, 0, 0, 0, 1, 0, 0, 0, 1, 19.4898, 0, -13)

[node name="StaticBody3D58" parent="Buildings/Wall4" instance=ExtResource("3_bvvx2")]
transform = Transform3D(1, 0, 0, 0, 1, 0, 0, 0, 1, 19.4898, 0, -11.0613)

[node name="StaticBody3D59" parent="Buildings/Wall4" instance=ExtResource("3_bvvx2")]
transform = Transform3D(1, 0, 0, 0, 1, 0, 0, 0, 1, 19.4898, 0, -14)

[node name="Gui" type="Control" parent="."]
layout_mode = 3
anchors_preset = 15
anchor_right = 1.0
anchor_bottom = 1.0
grow_horizontal = 2
grow_vertical = 2

[node name="Score" type="Label" parent="Gui"]
layout_mode = 0
offset_left = 24.0
offset_top = 16.0
offset_right = 72.0
offset_bottom = 42.0
theme = ExtResource("7_t61o5")
theme_override_colors/font_shadow_color = Color(0, 0, 0, 1)
theme_override_colors/font_outline_color = Color(0, 0, 0, 1)
text = "Score:
"

[node name="count" type="Label" parent="Gui/Score"]
layout_mode = 0
offset_left = 64.0
offset_right = 104.0
offset_bottom = 31.0
theme = ExtResource("7_t61o5")
text = "0"

[node name="ColorRect" type="ColorRect" parent="Gui"]
visible = false
layout_mode = 1
anchors_preset = 14
anchor_top = 0.5
anchor_right = 1.0
anchor_bottom = 0.5
offset_top = -56.0
offset_bottom = 64.0
grow_horizontal = 2
grow_vertical = 2
color = Color(0.0392157, 0.0392157, 0.0392157, 0.552941)

[node name="died" type="Label" parent="Gui/ColorRect"]
clip_contents = true
layout_mode = 1
anchors_preset = 15
anchor_right = 1.0
anchor_bottom = 1.0
grow_horizontal = 2
grow_vertical = 2
theme_override_colors/font_color = Color(0.811765, 0, 0.156863, 1)
theme_override_colors/font_shadow_color = Color(0, 0, 0, 1)
theme_override_colors/font_outline_color = Color(0, 0, 0, 1)
theme_override_constants/outline_size = 13
theme_override_font_sizes/font_size = 61
text = "YOU DIED"
horizontal_alignment = 1
vertical_alignment = 1

[node name="WallSpawner" parent="." instance=ExtResource("6_iqc6w")]
transform = Transform3D(36.941, 0, 0, 0, 1, 0, 0, 0, 27.3816, 0, 0.616503, 0)
spawn_scene = ExtResource("3_bvvx2")
max_to_spawn = 60
max_active = 60
batch_size = 60
period = 0.0
